Map: [ESL] Alcyone

Players

LiquidElazer (Elazer) - Winner!

  • Race: Zerg Zerg
  • League: Master
  • Spawn Location: 7:00

gumiho

  • Race: Terran Terran
  • Spawn Location: 1:00

Event: IEM Katowice 2024

VOD

Have the link to the VOD?

Description

Time

  • Played on: Dec. 8, 2023, 12:54 p.m.
  • Length: 17:20

All games in this series

Show
View Real Time Build Order
Export as new Build Order

LiquidElazer Zerg - Winner!

Build Orders: Hatch First 

Get SALT Encoding   

  12  0:00  Drone  
  13  0:12  Overlord  
  13  0:16  Drone  
  14  0:30  Drone x2  
  16  0:47  Hatchery  
  15  0:50  Drone  
  15  0:54  Drone  
  17  0:57  Drone  
  18  1:08  Extractor  
  17  1:13  Spawning Pool  
  17  1:16  Drone  
  17  1:19  Drone  
  18  1:28  Drone  
  19  1:38  Drone  
  20  1:48  Drone  
  21  1:59  Queen x2  
  25  2:10  Drone  
  25  2:11  Drone  
  27  2:15  Hatchery  
  27  2:18  Overlord  
  26  2:23  Drone  
  26  2:27  Drone  
  26  2:29  Metabolic Boost  
  28  2:39  Queen  
  28  2:40  Drone  
  28  2:41  Drone  
  32  2:44  Drone  
  32  2:46  Drone  
  32  2:48  Drone  
  35  2:54  Drone  
  36  3:00  Overlord  
  36  3:07  Extractor x2, Overlord  
  36  3:08  Drone x2  
  38  3:18  Queen x2  
  38  3:19  Drone x2  
  44  3:25  Drone x2  
  46  3:28  Queen  
  46  3:29  Drone  
  46  3:32  Drone  
  50  3:36  Drone x2  
  50  3:38  Drone  
  53  3:44  Drone x3, Overlord  
  53  3:47  Drone x2  
  58  3:51  Overlord  
  58  4:01  Queen x2  
  58  4:02  Drone x2  
  64  4:03  Drone  
  64  4:04  Drone  
  66  4:10  Overlord  
  66  4:12  Zergling x8  
  66  4:13  Zergling x2  
  66  4:14  Zergling x2  
  72  4:17  Queen  
  74  4:24  Overlord x2  
  74  4:25  Overlord  
  74  4:40  Lair  
  74  4:43  Drone x6  
  74  4:44  Drone  
  81  4:46  Roach Warren  
  81  4:50  Drone x4  
  81  4:51  Queen  
  86  4:53  Overlord  
  86  5:01  Zergling x8  
  86  5:04  Overlord  
  90  5:08  Extractor, Spore Crawler  
  90  5:09  Extractor, Spore Crawler  
  90  5:10  Drone, Spore Crawler  
  86  5:15  Zergling x8  
  86  5:20  Extractor, Overlord  
  86  5:21  Extractor  
  88  5:25  Zergling x8  
  92  5:31  Zergling x2  
  92  5:32  Zergling x14  
  87  5:51  Drone x7  
  87  5:56  Glial Reconstitution  
  91  5:59  Drone x6  
  91  6:01  Evolution Chamber  
  96  6:04  Evolution Chamber  
  96  6:05  Drone  
  96  6:09  Drone x2  
  98  6:16  Roach  
  102  6:18  Roach x2  
  102  6:19  Hatchery  
  103  6:26  Overlord  
  103  6:27  Roach x3  
  103  6:29  Overlord  
  109  6:36  Drone x4  
  109  6:38  Zerg Melee Weapons Level 1, Zerg Ground Armor Level 1  
  113  6:40  Overlord  
  113  6:42  Extractor, Drone x2  
  113  6:46  Drone x3  
  116  6:48  Ravager x3  
  116  6:49  Ravager  
  116  6:53  Roach x2  
  124  6:57  Drone  
  124  6:59  Roach x5  
  135  7:03  Hatchery  
  135  7:06  Roach x2  
  136  7:09  Overlord x2  
  136  7:22  Drone x2  
  138  7:25  Infestation Pit, Baneling Nest, Drone  
  138  7:26  Overlord  
  138  7:29  Roach x5  
  147  7:36  Roach x4  
  154  7:40  Zergling x6  
  157  7:45  Drone  
  157  7:47  Drone x2  
  160  7:56  Drone x6  
  159  8:02  Hive  
  159  8:04  Ravager x2  
  167  8:05  Roach x3  
  167  8:08  Overlord x2  
  167  8:11  Zergling x2  
  167  8:12  Centrifugal Hooks  
  168  8:19  Zergling x20  
  171  8:24  Zergling x8  
  174  8:29  Zergling x6  
  174  8:34  Zergling x12, Hatchery  
  182  8:41  Zerg Melee Weapons Level 2, Zerg Ground Armor Level 2  
  182  8:42  Zergling x6  
  182  8:47  Baneling x8, Overlord  
  185  8:59  Zergling x10  
  190  9:09  Baneling  
  190  9:10  Baneling x17  
  190  9:14  Hatchery  
  190  9:16  Adrenal Glands  
  187  9:19  Hatchery  
  187  9:21  Viper  
  189  9:27  Extractor x2  
  189  9:29  Drone x3  
  189  9:30  Drone x3  
  193  9:33  Baneling  
  193  9:34  Baneling x7  
  189  9:52  Zergling x2  
  189  9:53  Zergling x20  
  198  10:05  Baneling  
  198  10:06  Ultralisk Cavern, Baneling x4  
  197  10:13  Zergling x6  
  183  10:21  Baneling  
  183  10:22  Zergling x48, Baneling x18  
  183  10:26  Zergling x8  
  194  10:28  Zergling x2  
  186  10:51  Zergling x28  
  186  10:55  Chitinous Plating  
  200  10:59  Zerg Ground Armor Level 3, Zerg Melee Weapons Level 3  
  193  11:40  Zergling x2  
  193  11:41  Zergling x12  
  177  11:57  Zergling x54  
  185  12:06  Ultralisk  
  185  12:07  Ultralisk x2  
  198  12:14  Baneling x13, Anabolic Synthesis  
  198  12:17  Pneumatized Carapace  
  198  12:18  Burrow, Hatchery  
  198  12:21  Overlord x4  
  171  12:55  Zergling x28  
  172  13:06  Ultralisk  
  172  13:07  Ultralisk  
  172  13:11  Zergling x16  
  186  13:18  Drone x2  
  186  13:19  Drone x2  
  185  13:20  Overlord x2  
  185  13:25  Baneling x19  
  182  13:35  Viper x2  
  182  13:38  Zergling x2, Baneling x10  
  182  13:39  Zergling x16  
  197  13:41  Zerg Missile Weapons Level 1  
  197  13:46  Zergling x10  
  198  13:54  Baneling x17  
  198  14:08  Baneling x3  
  197  14:17  Overlord  
  196  14:24  Hatchery  
  196  14:25  Spore Crawler  
  196  14:26  Spore Crawler  
  196  14:28  Drone x3  
  195  14:32  Overlord  
  195  14:35  Drone  
  196  14:51  Hatchery  
  196  14:52  Zergling x8  
  173  15:08  Zergling x2  
  173  15:09  Zergling x50  
  173  15:13  Zergling x8  
  189  15:23  Infestor x2  
  189  15:24  Infestor  
  189  15:26  Zergling x4  
  195  15:34  Zergling x14  
  186  15:42  Ultralisk  
  184  15:43  Overlord x2  
  184  16:02  Zergling x26  
  196  16:10  Zergling x2  
  196  16:11  Zergling x28  
  193  16:18  Ultralisk x5  
  193  16:23  Ultralisk  
  191  16:31  Ultralisk x2  
  190  16:34  Zergling x8  
  190  16:35  Infestor x3  
  190  16:39  Zergling x12  
  198  16:47  Roach x2  
  193  16:51  Roach x4  
  174  17:02  Zergling x12  
Show
View Real Time Build Order
Export as new Build Order

gumiho Terran 

Build Orders: Command Center First 

Get SALT Encoding   

  12  0:00  SCV  
  13  0:13  SCV  
  14  0:17  Supply Depot  
  14  0:25  SCV  
  15  0:38  SCV  
  16  0:50  SCV  
  17  0:59  Command Center  
  17  1:03  SCV  
  18  1:11  Barracks  
  18  1:15  SCV  
  19  1:21  Refinery  
  19  1:28  SCV  
  19  1:29  Refinery  
  20  1:40  SCV  
  21  1:52  SCV  
  22  1:59  Reaper  
  23  2:04  Orbital Command  
  23  2:10  Orbital Command  
  23  2:17  Factory  
  23  2:23  Barracks  
  23  2:30  SCV  
  23  2:32  Barracks Reactor  
  23  2:36  SCV  
  25  2:42  SCV  
  26  2:48  SCV  
  26  2:49  Supply Depot  
  27  2:54  SCV  
  28  3:00  Hellion  
  28  3:01  Starport  
  28  3:02  SCV  
  31  3:06  SCV  
  31  3:09  Marine x2  
  31  3:10  Barracks Tech Lab  
  34  3:15  Supply Depot  
  34  3:16  SCV  
  34  3:18  SCV  
  36  3:22  Hellion  
  36  3:27  Marine x2  
  38  3:28  Stimpack  
  38  3:29  Marine  
  38  3:32  SCV  
  38  3:33  SCV  
  43  3:38  Medivac  
  43  3:40  Supply Depot  
  45  3:45  Engineering Bay  
  45  3:46  Marine  
  46  3:49  Marine  
  46  3:50  Marine  
  46  3:52  SCV  
  46  3:53  SCV  
  50  3:57  Supply Depot  
  50  4:04  Hellion, SCV  
  50  4:05  SCV  
  50  4:06  Marine x2  
  50  4:08  Marine  
  57  4:11  Medivac  
  57  4:14  Terran Infantry Weapons Level 1  
  57  4:16  SCV  
  60  4:22  Supply Depot  
  60  4:24  Marine x2  
  61  4:26  Factory Tech Lab, Marine  
  61  4:29  SCV x2  
  65  4:41  Command Center  
  65  4:42  Marine x2  
  67  4:48  SCV x2  
  69  4:55  Siege Tank  
  69  4:58  Supply Depot  
  69  4:59  Marine, Refinery  
  73  5:00  Marine  
  74  5:09  Marine  
  74  5:12  Combat Shield  
  74  5:13  SCV x2  
  77  5:17  Barracks  
  77  5:24  Barracks x2  
  77  5:27  Siege Tank  
  74  5:49  Marine x2  
  75  5:52  SCV x2  
  75  5:54  Marine  
  75  5:55  Orbital Command  
  72  5:59  Siege Tank  
  72  6:00  Starport Reactor  
  72  6:02  Refinery  
  75  6:04  SCV, Supply Depot  
  75  6:05  SCV  
  75  6:06  Marine  
  79  6:11  Terran Infantry Armor Level 1  
  79  6:14  Barracks Reactor  
  79  6:15  Barracks Reactor  
  79  6:17  SCV x2  
  80  6:21  Barracks Reactor  
  80  6:22  Marine  
  80  6:23  Orbital Command, Marine  
  80  6:24  Marine  
  83  6:29  Barracks, SCV x2  
  83  6:31  Barracks  
  83  6:32  Barracks  
  85  6:40  Marine x2  
  85  6:41  SCV x2  
  85  6:42  Marine  
  85  6:43  Siege Tank  
  93  6:48  Supply Depot x2  
  93  6:50  Marine x2  
  93  6:53  SCV x2  
  97  6:57  Marine x2  
  97  6:58  Marine x2  
  101  7:02  Marine  
  101  7:03  Marine  
  101  7:05  SCV x2  
  105  7:10  Marine x3  
  105  7:11  Medivac x2  
  105  7:14  SCV  
  105  7:15  Marine x2  
  113  7:17  SCV x2  
  113  7:20  Supply Depot x2  
  116  7:24  Marine x3  
  116  7:25  Marine  
  116  7:26  SCV  
  116  7:29  SCV x2  
  123  7:30  Armory  
  123  7:32  Engineering Bay  
  123  7:35  Supply Depot  
  123  7:39  SCV  
  123  7:40  Marine  
  123  7:41  SCV, Marine x5  
  131  7:46  Medivac x2  
  134  7:59  Marine x3  
  134  8:00  Marauder, Marine x7  
  134  8:01  Marine  
  147  8:11  Supply Depot  
  147  8:13  Supply Depot x2  
  147  8:16  Medivac  
  143  8:23  Terran Infantry Armor Level 2  
  143  8:24  Terran Infantry Weapons Level 2  
  143  8:25  Marauder, Marine x5  
  149  8:31  Marine x6  
  154  8:43  Marine x5  
  154  8:47  Marauder  
  161  8:49  Marine x6  
  161  8:51  Concussive Shells  
  167  8:57  Siege Tank  
  167  9:00  Marine x2  
  172  9:05  Marine x3  
  172  9:07  Marine x2  
  172  9:08  Marauder  
  179  9:12  Command Center  
  179  9:15  Marine x2  
  180  9:18  Terran Vehicle Weapons Level 1  
  180  9:20  Medivac x2  
  184  9:29  Marauder, Marine x3  
  184  9:31  Barracks Tech Lab x3  
  189  9:34  Supply Depot  
  189  9:37  Marine  
  189  9:42  Supply Depot  
  189  9:43  Factory  
  186  9:54  Marine  
  186  9:55  Marauder  
  186  9:58  Marine, Marauder x3  
  186  9:59  Marine  
  197  10:03  Marine x3  
  200  10:09  Sensor Tower, Marine  
  199  10:19  Marauder  
  197  10:22  Siege Tank  
  197  10:26  Marine  
  200  10:31  Refinery x2  
  200  10:33  Marine  
  200  10:51  Marauder  
  200  10:54  Marine  
  200  10:57  Planetary Fortress  
  200  11:03  Terran Infantry Armor Level 3, Terran Infantry Weapons Level 3  
  200  11:16  Command Center  
  200  11:20  Command Center  
  200  11:22  Command Center  
  200  11:46  Marauder, Marine  
  199  11:51  Marauder, Marine x3  
  199  11:52  Siege Tank  
  181  11:56  Marauder, Marine x2  
  181  11:58  Marauder, Marine  
  181  11:59  Marine  
  170  12:03  Marine  
  170  12:07  Marauder  
  168  12:09  Marine x3  
  168  12:11  Factory Tech Lab  
  168  12:12  Medivac, Marauder  
  168  12:13  Medivac  
  168  12:14  Marine x2  
  179  12:15  Marine  
  179  12:16  Marine  
  179  12:17  Marine  
  179  12:19  Marine  
  179  12:21  Marine  
  179  12:24  Siege Tank  
  179  12:26  Marine  
  179  12:27  Marine x2  
  179  12:29  Marauder  
  186  12:32  Marine x2  
  186  12:33  Marine  
  186  12:34  Marine, Marauder  
  186  12:36  Marauder  
  186  12:37  Marine  
  186  12:38  Siege Tank  
  186  12:39  Marine  
  189  12:44  Marine x3  
  189  12:50  Marine x3  
  184  12:51  Marine  
  184  12:52  Marine  
  184  12:55  Marauder x2  
  184  12:56  Siege Tank  
  184  12:57  Marauder, Marine  
  193  12:59  Orbital Command x3  
  193  13:02  Marine x3  
  191  13:07  Marine  
  191  13:08  Marauder, Marine  
  191  13:09  Marine  
  191  13:10  Marine  
  184  13:15  Marine  
  184  13:17  Marauder x2, Ghost Academy  
  184  13:18  Marauder  
  191  13:20  Marine x2  
  191  13:21  Siege Tank  
  191  13:24  Liberator  
  199  14:01  Orbital Command  
  199  14:03  Marine  
  200  14:15  Marine  
  199  14:41  Personal Cloaking  
  199  14:44  Fusion Core, Starport  
  198  14:59  Marine  
  194  15:00  Marauder x2  
  194  15:01  Ghost, Marine x2  
  194  15:02  Marauder  
  181  15:17  Marine x2  
  181  15:18  Marine x2  
  181  15:20  Ghost x2  
  189  15:22  Ghost  
  190  15:30  Ghost  
  173  15:41  Marine x3  
  155  15:44  Marine  
  155  15:45  Marine x4  
  155  15:47  Siege Tank x2  
  155  15:49  Ghost x2  
  164  15:51  Liberator, Ghost  
  164  15:52  Advanced Ballistics  
  150  15:58  Ghost  
  150  15:59  Marine x3  
  150  16:02  Marine x5  
  160  16:07  Nuke  
  152  16:17  Marine x3  
  152  16:18  Marauder x2  
  128  16:20  Marauder, Marine x5  
  128  16:22  Widow Mine x2  
  119  16:28  Marauder  
  108  16:35  Marine x3  
  108  16:38  Marine x3  
  108  16:39  Marauder  
  114  16:40  Marauder  
  114  16:41  Marauder  
  114  16:44  Widow Mine  
  120  16:49  Marauder  
  100  17:02  Marine  

Tags
 
Add a new tag
Caveats
  • Supply blocks, unpowered buildings, or Contaminate may cause inaccurate times.
  • Supply counts are checked every 10 seconds.